 Dungeon Crawl Stone Soup version 0.27-a0-668-gb5737ff2c0 (webtiles) character file.

Game seed: 9725846451487970847

5838 funkygono the Basher (level 10, -5/61 HPs)
             Began as a Gargoyle Fighter on Mar 16, 2021.
             Was a Priest of Trog.
             Slain by a komodo dragon (17 damage)
             ... on level 1 of the Lair of Beasts on Mar 17, 2021.
             The game lasted 00:17:10 (7967 turns).

funkygono the Basher (Gargoyle Fighter)             Turns: 7967, Time: 00:17:10

Health: -5/61      AC: 29    Str: 23    XL:     10   Next: 80%
Magic:  10/10      EV:  6    Int:  9    God:    Trog [***...]
Gold:   459        SH: 18    Dex: 21    Spells: 9/9 levels left

rFire    . . .     SeeInvis .   a - +5 flail
rCold    . . .     Faith    .   c - +0 kite shield
rNeg     + . .     Spirit   .   D - +0 plate armour
rPois    ∞         Reflect  +   b - +1 helmet
rElec    +         Harm     .   x - +2 cloak
rCorr    .         Rampage  .   p - +1 pair of gloves
Will     .....                  e - +0 pair of boots
Stlth    ..........             u - amulet of reflection
HPRegen  0.20/turn              f - +6 ring of dexterity
MPRegen  0.12/turn              s - +6 ring of dexterity

@: no status effects
A: AC +7, negative energy resistance 1, electricity resistance, torment
resistance 1, unbreathing 1, petrification resistance
a: Renounce Religion, Berserk, Trog's Hand


You were on level 1 of the Lair of Beasts.
You worshipped Trog.
Trog was most pleased with you.
You visited 2 branches of the dungeon, and saw 10 of its levels.

You collected 459 gold pieces.

Inventory:

Hand Weapons
 a - a +5 flail (weapon)
Missiles
 v - 63 bolts
Armour
 b - a +1 helmet (worn)
 c - a +0 kite shield (worn)
 e - a +0 pair of boots (worn)
 p - a +1 pair of gloves (worn)
 x - a +2 cloak (worn)
 D - a +0 plate armour (worn)
Jewellery
 f - a +6 ring of dexterity (right hand)
 s - a +6 ring of dexterity (left hand)
 u - an amulet of reflection (around neck)
 F - a ring of flight
Wands
 o - a wand of paralysis (24)
 y - a wand of mindburst (2)
 E - a wand of digging (7)
Scrolls
 k - 7 scrolls of teleportation
 B - a scroll of identify
Potions
 d - 5 potions of might
 g - 4 potions of flight
 j - 3 potions of resistance
 l - 7 potions of curing
 m - a potion of ambrosia
 n - 2 potions of haste
 q - 2 potions of mutation
 r - a potion of lignification
 z - a potion of heal wounds
 A - a potion of invisibility


   Skills:
 + Level 6.9 Fighting
 + Level 11.1 Maces & Flails
 + Level 6.3 Armour
 + Level 1.5 Dodging
 + Level 9.5 Shields
 + Level 1.2 Evocations


You had 9 spell levels left.
You didn't know any spells.
Your spell library was empty.

Dungeon Overview and Level Annotations

Branches:
Dungeon (9/15)             Temple (0/1) D:4            Lair (1/6) D:9
    Orc (0/2) D:9

Altars:
Gozag
Makhleb
Sif Muna
Trog
Vehumet
The Shining One

Shops:
D:4 :


Innate Abilities, Weirdness & Mutations

Your stone body is resilient. (AC +7)
You are immune to poison.
You resist negative energy. (rN+)
You are resistant to electric shocks. (rElec)
You are resistant to unholy torment.
You can survive without breathing.
You are immune to petrification.


Message History

You sock the cane toad!
The cane toad is moderately wounded.
The cane toad stings you but does no damage.
Your shield and plate armour prevent you from hitting the cane toad.
The cane toad is moderately wounded.
The cane toad stings you but does no damage.
You barely miss the cane toad.
The cane toad is moderately wounded.
The cane toad stings you.
You sock the cane toad!
The cane toad is heavily wounded.
The cane toad closely misses you.
You hit the cane toad.
The cane toad is heavily wounded.
The cane toad stings you! You block the cane toad's attack.
Your plate armour prevents you from hitting the cane toad.
The cane toad is heavily wounded.
The cane toad stings you but does no damage.
You sock the cane toad!
The cane toad is almost dead.
You block the cane toad's attack.
You barely miss the cane toad.
The cane toad is almost dead.
The komodo dragon bites you!!
The cane toad stings you but does no damage.
You barely miss the cane toad.
The cane toad is almost dead.
The komodo dragon closely misses you. The cane toad barely misses you.
You closely miss the cane toad.
The cane toad is almost dead.
You block the cane toad's attack. The komodo dragon bites you!
* * * LOW HITPOINT WARNING * * *
Your plate armour prevents you from hitting the cane toad.
The cane toad is almost dead.
The cane toad stings you but does no damage.
You block the komodo dragon's attack.
You completely miss the cane toad.
The cane toad is almost dead.
You block the cane toad's attack. The komodo dragon bites you!
You die...

.# ..# ...#
....# #.....
#...#########.
#...#<.......
#...@...##.P.
......Fl...#
..8.....8.##
..........$.
.......#####.
####... # ....
...##


You could see a komodo dragon and a cane toad.

Vanquished Creatures
  Harold (D:7)
  2 two-headed ogres (D:8)
  A komodo dragon (D:9)
  Sigmund (D:6)
  A wyvern (D:9)
  A water moccasin (D:6)
  An orc warrior (D:8)
  3 sky beasts
  6 ogres
  A necrophage (D:7)
  4 phantoms
  3 centaurs
  A kobold brigand (D:7)
  6 bullfrogs
  A wyvern skeleton (D:7)
  2 scorpions
  4 killer bees (D:9)
  4 howler monkeys
  A centaur zombie (D:7)
  5 jellies
  A gnoll shaman (D:6)
  2 bullfrog skeletons
  An orc priest (D:8)
  Crazy Yiuf (D:4)
  2 hounds
  2 iguanas (D:8)
  2 orc wizards (D:8)
  4 worker ants
  A hound zombie (D:8)
  2 hound skeletons (D:6)
  A howler monkey zombie (D:6)
  A howler monkey skeleton (D:5)
  3 gnolls (D:6)
  6 adders
  2 shadow imps
  A white imp (D:6)
  2 ufetubi (D:7)
  An adder zombie (D:7)
  An ooze (D:4)
  An adder skeleton (D:8)
  A worm (D:2)
  A dart slug (D:2)
  13 orcs
  A ball python (D:1)
  6 giant cockroaches
  4 goblins
  4 hobgoblins
  11 jackals
  5 kobolds
  7 quokkas
  10 bats
  4 frilled lizards
  A giant cockroach zombie (D:5)
  A jackal skeleton (D:4)
  A leopard gecko zombie (D:7)
  3 quokka skeletons
  A quokka zombie (D:6)
  5 rats
165 creatures vanquished.

Vanquished Creatures (others)
  44 plants (D:9)
44 creatures vanquished.

Grand Total: 209 creatures vanquished

Notes
Turn   | Place    | Note
-------+----------+-------------------------------------------
     0 | D:1      | funkygono the Gargoyle Fighter began the quest for the Orb.
     0 | D:1      | Reached XP level 1. HP: 14/14 MP: 1/1
   295 | D:1      | Reached XP level 2. HP: 19/19 MP: 2/2
   724 | D:2      | Reached XP level 3. HP: 23/23 MP: 3/3
   979 | D:2      | Reached skill level 3 in Maces & Flails
   980 | D:2      | Reached XP level 4. HP: 22/29 MP: 4/4
  2103 | D:3      | Found a bloodstained altar of Trog.
  2248 | D:3      | Became a worshipper of Trog the Wrathful
  2372 | D:4      | Reached XP level 5. HP: 32/33 MP: 5/5
  2421 | D:4      | Noticed an ogre
  2426 | D:4      | Killed an ogre
  2427 | D:4      | Reached skill level 4 in Maces & Flails
  2427 | D:4      | Reached XP level 6. HP: 23/38 MP: 6/6
  2589 | D:4      | Found a staircase to the Ecumenical Temple.
  2687 | D:4      | Found Mozox's Book Shoppe.
  2895 | D:4      | Found a runed translucent door.
  2896 | D:4      | Noticed Crazy Yiuf
  2911 | D:4      | Killed Crazy Yiuf
  3082 | D:5      | Entered Level 5 of the Dungeon
  3129 | D:5      | Reached skill level 5 in Shields
  3292 | D:5      | Found a glowing golden altar of the Shining One.
  3310 | D:5      | Reached XP level 7. HP: 43/43 MP: 7/7
  3444 | D:5      | Found a bloodstained altar of Trog.
  3915 | D:6      | Reached skill level 5 in Maces & Flails
  3975 | D:6      | Noticed Sigmund
  3993 | D:6      | Killed Sigmund
  4058 | D:6      | Reached skill level 6 in Maces & Flails
  4058 | D:6      | Reached skill level 1 in Dodging
  4058 | D:6      | Reached XP level 8. HP: 48/48 MP: 8/8
  4111 | D:6      | Found a shimmering blue altar of Sif Muna.
  4114 | D:6      | Reached skill level 5 in Armour
  4114 | D:6      | Found a burning altar of Makhleb.
  4114 | D:6      | Found a radiant altar of Vehumet.
  4114 | D:6      | Found an opulent altar of Gozag.
  4172 | D:6      | Reached * piety under Trog
  4906 | D:6      | Reached skill level 1 in Evocations
  5032 | D:7      | Reached skill level 5 in Fighting
  5032 | D:7      | Reached skill level 7 in Maces & Flails
  5216 | D:7      | Reached XP level 9. HP: 54/54 MP: 9/9
  5383 | D:7      | Noticed Harold
  5395 | D:7      | Killed Harold
  5396 | D:7      | Reached skill level 8 in Maces & Flails
  5820 | D:7      | Reached skill level 9 in Maces & Flails
  5976 | D:8      | Reached ** piety under Trog
  6013 | D:8      | Noticed a two-headed ogre
  6014 | D:8      | Noticed a two-headed ogre
  6035 | D:8      | Killed a two-headed ogre
  6036 | D:8      | Reached skill level 10 in Maces & Flails
  6036 | D:8      | Reached XP level 10. HP: 60/60 MP: 10/10
  6044 | D:8      | Killed a two-headed ogre
  7117 | D:8      | Upgraded the game from 0.27-a0-660-g90476cec82 to
                  | 0.27-a0-668-gb5737ff2c0
  7285 | D:9      | Reached *** piety under Trog
  7355 | D:9      | Found a staircase to the Lair.
  7381 | D:9      | Reached skill level 11 in Maces & Flails
  7658 | D:9      | Found a staircase to the Orcish Mines.
  7954 | Lair:1   | Entered Level 1 of the Lair of Beasts
  7954 | Lair:1   | Noticed a cane toad
  7967 | Lair:1   | Slain by a komodo dragon

Illustrated notes

Levels and vault maps discovered:
D:1:      lemuel_arrival_funnel, layout_rooms
D:2:      layout_loops_corners
D:3:      layout_loops_ring, lightli_temple_of_fire, minmay_bisected
D:4:      layout_rooms, minmay_temple_entry_waves, serial_shops, shop_fountains,
          uniq_crazy_yiuf_cottage
D:5:      layout_layer_cave, marbit_many_paths, minmay_statues_item, bloody_trog
D:6:      layout_loops_corners, chequers_temple_overflow_statue_of_worship,
          glass_columns_a, minmay_chambers_of_fives, uniq_sigmund
D:7:      layout_basic, uniq_harold
D:8:      layout_basic, hangedman_decor_lopped
D:9:      layout_big_octagon, david_lair_shrubbed, orc_david_3
Lair:1:   layout_loops_ring, grunt_megastairs_5, serial_bayou_shore_a,
          uniq_gastronok

Skill      XL: |  1  2  3  4  5  6  7  8  9 10 |
---------------+-------------------------------+-----
Maces & Flails | 3 4 6 7 10 11 | 11.1
Shields        | 4 5 6 7 8 9 |  9.5
Fighting       | 4 5 6 |  6.9
Armour         | 4 5 6 |  6.3
Dodging        | 1 |  1.5
Evocations     | 1 |  1.2

Action                   |  1- 3 |  4- 6 |  7- 9 | 10-12 || total
-------------------------+-------+-------+-------+-------++-------
Melee: Flail             |    60 |   170 |   208 |   234 ||   672
Invok: Berserk           |       |       |     2 |       ||     2
Evoke: Wand              |       |       |    11 |     1 ||    12
  Use: Scroll            |     3 |     9 |    11 |     2 ||    25
 Stab: Paralysed         |       |       |     4 |       ||     4
Armor: Scale mail        |    13 |       |       |       ||    13
       Chain mail        |    31 |    85 |    84 |    40 ||   240
       Plate armour      |       |       |       |     5 ||     5
Dodge: Dodged            |    20 |    31 |    32 |    30 ||   113
Block: Kite shield       |    43 |   133 |   159 |   130 ||   465
       Reflection        |       |       |     3 |       ||     3

Table legend: (Time is in decaauts)
 A = Elapsed time spent in this place.
 B = Non-inter-level travel time spent in this place.
 C = Inter-level travel time spent in this place.
 D = Time resting spent in this place.
 E = Time spent auto-exploring this place.
 F = Levels seen in this place.
 G = Mean time per level.
                   A        B        C        D        E       F      G
               +--------+--------+--------+--------+--------+-----+--------+
         Total |   8126 |   7689 |    437 |      0 |   5978 |  10 |  812.6 |
       Dungeon |   8114 |   7677 |    437 |      0 |   5978 |   9 |  901.6 |
          Lair |     12 |     12 |      0 |      0 |      0 |   1 |   12.0 |
               +--------+--------+--------+--------+--------+-----+--------+

Top non-repeatable levels by time:
     D:8: 1218 daAuts
     D:6: 1151 daAuts
     D:3: 1010 daAuts
     D:7: 979 daAuts
     D:2: 890 daAuts
     D:9: 808 daAuts
     D:5: 778 daAuts
     D:4: 744 daAuts
     D:1: 532 daAuts
  Lair:1: 12 daAuts
